 Dungeon Crawl Stone Soup version 0.20.1-1-g8b1a95d (webtiles) character file.

134 GreatGameDaddy the Ducker (level 4, -2/44 HPs)
             Began as a Troll Fighter on Nov 18, 2017.
             Slain by an orc wizard
             ... wielding a +0 dagger
              (4 damage)
             ... on level 5 of the Dungeon.
             The game lasted 00:13:12 (1061 turns).

GreatGameDaddy the Ducker (Troll Fighter)           Turns: 1061, Time: 00:13:14

Health: -2/44      AC:  5    Str: 25    XL:     4   Next: 95%
Magic:  3/3        EV:  8    Int:  4    God:
Gold:   65         SH:  9    Dex:  9    Spells: 3/3 levels left

rFire    . . .     SeeInvis .   a - +0 long sword
rCold    . . .     Gourm    +   c - +0 shield
rNeg     . . .     Faith    .   b - +0 robe
rPois    .         Spirit   .   (helmet restricted)
rElec    .         Reflect  .   (no cloak)
rCorr    .         Harm     .   (gloves unavailable)
MR       .....                  (boots unavailable)
Stlth    +.........             (no amulet)
Regen    0.6/turn               (no ring)
MPRegen  0.1/turn               (no ring)

@: no status effects
A: unfitting armour, claws 3, fast metabolism 3, gourmand, regeneration 1,
shaggy fur 1, tough skin 2
a: no special abilities


You were on level 5 of the Dungeon.
You were not hungry.

You visited 1 branch of the dungeon, and saw 5 of its levels.

You collected 65 gold pieces.

Inventory:

Hand Weapons
 a - a +0 long sword (weapon)
 i - a +0 club
 j - a +0 hand axe
 l - a +0 dagger
 m - a +0 mace
Missiles
 p - 23 bolts
Armour
 b - a +0 robe (worn)
 c - a +0 shield (worn)
 h - a cursed +0 scale mail
 n - a +0 plate armour
 t - a +0 chain mail
Wands
 q - a wand of clouds (1/9)
Scrolls
 g - a scroll of enchant armour {unknown}
 k - a scroll of amnesia {unknown}
 r - a scroll of immolation {unknown}
Potions
 d - a potion of might
 e - a potion of mutation {unknown}
 s - a potion of agility {unknown}
Books
 u - a book of Changes

   Spells                             Type                      Level
   a - Beastly Appendage              Transmutation                1
   b - Sticks to Snakes               Transmutation                2
   c - Spider Form                    Transmutation/Poison         3
   d - Ice Form                       Ice/Transmutation            4
   e - Blade Hands                    Transmutation                5
Comestibles
 f - a bread ration
 o - 2 fruits


   Skills:
 + Level 2.6 Fighting
 + Level 2.9 Long Blades
 + Level 3.2 Dodging
 + Level 0.2 Stealth
 + Level 3.0 Shields


You had 3 spell levels left.
You didn't know any spells.

Dungeon Overview and Level Annotations

Branches:
Dungeon (5/15)
 Temple: D:4-7

Altars:
Ru


Innate Abilities, Weirdness & Mutations

You are too large for most types of armour.
You have claws for hands.
Your metabolism is lightning-fast.
You like to eat raw meat.
Your natural rate of healing is unusually fast.
You are covered in fur. (AC +1)
You have very tough skin. (AC +2)


Message History

You hear some strange, mumbled words.
A magic dart appears from out of thin air!
The magic dart hits you!
You miss something. Something hits you.
* * * LOW HITPOINT WARNING * * *
You hear some strange, mumbled words.
A puff of frost appears from out of thin air!
The puff of frost hits you!
* * * LOW HITPOINT WARNING * * *
You miss something. Something completely misses you.
You miss something. Something hits you.
* * * LOW HITPOINT WARNING * * *
You hear some strange, mumbled words.
You closely miss something. Something hits you but does no damage.
Something hits you.
* * * LOW HITPOINT WARNING * * *
You closely miss something. Something hits you.
* * * LOW HITPOINT WARNING * * *
Something hits you.
You die...

.....# .....# .....#
.....# .....#
.....####################
..............(.........#
................)......(#
...............(@{......#
........................#
........................#
#####.....###############
#.....# #.....# #.....#
#.....# #.....+


There were no monsters in sight!

Vanquished Creatures
  An orc priest (D:5)
  A hound (D:4)
  An iguana (D:4)
  An ooze (D:2)
  An adder skeleton (D:5)
  2 dart slugs
  A leopard gecko (D:3)
  2 orcs (D:5)
  4 giant cockroaches
  4 hobgoblins
  A quokka (D:2)
  4 bats
  4 frilled lizards
  6 goblins
  A kobold (D:3)
  2 rats
36 creatures vanquished.

Notes
Turn   | Place    | Note
-------+----------+-------------------------------------------
     0 | D:1      | GreatGameDaddy the Troll Fighter began the quest for the Orb.
     0 | D:1      | Reached XP level 1. HP: 22/22 MP: 0/0
   371 | D:2      | Reached XP level 2. HP: 29/29 MP: 1/1
   599 | D:2      | Reached XP level 3. HP: 34/36 MP: 2/2
   828 | D:4      | Reached XP level 4. HP: 25/44 MP: 3/3
   831 | D:4      | Found a sacrificial altar of Ru.
   844 | D:5      | Entered Level 5 of the Dungeon
  1022 | D:5      | Paralysed by fainting for 5 turns
  1061 | D:5      | HP: 2/44 [something (3)]
  1061 | D:5      | Slain by an orc wizard

Skill      XL: |  1  2  3  4 |
---------------+-------------+-----
Long Blades    | 2 |  2.9
Shields        | 3 |  3.0
Dodging        | 3 |  3.2
Fighting       | |  2.6
Stealth        | |  0.2

Action                   |  1- 3 |  4- 6 || total
-------------------------+-------+-------++-------
Melee: Long sword        |   103 |    18 ||   121
  Use: Potion            |     1 |       ||     1
       Scroll            |     1 |       ||     1
 Stab: Sleeping          |     1 |       ||     1
  Eat: Bread ration      |     1 |     1 ||     2
Armor: Robe              |    48 |     8 ||    56
Dodge: Dodged            |    43 |     6 ||    49
Block: Shield            |    54 |     7 ||    61
       Rpst.: Long sword |    19 |     2 ||    21
